 Dungeon Crawl Stone Soup version 0.27.1-1-g398f81649c (webtiles) character file.

Game seed: 16862032793479938756

256 pokedragonboy the Sneak (level 5, -1/28 HPs)
             Began as a Vampire Enchanter on Sept 16, 2021.
             Slain by Duvessa (4 damage)
             ... on level 4 of the Dungeon on Sept 17, 2021.
             The game lasted 00:13:25 (4197 turns).

pokedragonboy the Sneak (Vampire Enchanter)         Turns: 4197, Time: 00:13:25

Health: -1/28      AC:  0    Str:  5 (7)  XL:     5   Next: 92%
Magic:  7/9        EV: 19    Int: 16 (18) God:
Gold:   125        SH:  0    Dex: 18 (20) Spells: 7/10 levels left

rFire    . . .     SeeInvis +   (weapon currently unavailable)
rCold    + + .     Faith    +   (shield currently unavailable)
rNeg     + + +     Spirit   .   (armour currently unavailable)
rPois    ∞         Reflect  .   (helmet currently unavailable)
rElec    .         Harm     .   (cloak currently unavailable)
rCorr    .         Rampage  .   (gloves currently unavailable)
Will     .....                  (boots currently unavailable)
Stlth    ++++++....             l - amulet of faith
HPRegen  0.00/turn              (ring currently unavailable)
MPRegen  0.11/turn              (ring currently unavailable)

@: bat-form, flying, bloodless, inhibited regen, very quick
A: fast, flying, no casting, bloodless, tiny, fangs 3, see invisible, vampiric 2
a: Revivify, End Transformation


You were on level 4 of the Dungeon.
You were a vampire bat.
You visited 1 branch of the dungeon, and saw 4 of its levels.

You collected 125 gold pieces.

Inventory:

Hand Weapons
 a - a +1 dagger
 p - a +0 dagger of draining
 t - a +0 dagger of speed (melded)
Armour
 b - a +0 robe (melded)
 f - a +0 pair of gloves (melded)
 r - a +0 pair of boots (melded)
Jewellery
 h - an amulet of guardian spirit
 l - an amulet of faith (around neck)
Wands
 v - a wand of polymorph (13)
Scrolls
 c - 3 scrolls of teleportation {unknown}
 d - a scroll of vulnerability {unknown}
 j - a scroll of brand weapon {unknown}
 m - 2 scrolls of magic mapping {unknown}
 n - 2 scrolls of immolation {unknown}
 q - a scroll of amnesia {unknown}
 s - a scroll of enchant armour {unknown}
 u - 2 scrolls of identify {unknown}
Potions
 e - 2 potions of heal wounds {unknown}
 g - a potion of brilliance {unknown}
 i - a potion of cancellation {unknown}
 k - a potion of flight {unknown}
 o - 2 potions of might {unknown}
 w - a potion of attraction {unknown}


   Skills:
 + Level 2.9 Short Blades
 - Level 2.2 Dodging
 * Level 7.4 Stealth
 + Level 3.0 Spellcasting
 + Level 5.9 Hexes


You had 7 spell levels left.
You knew the following spells:

 Your Spells              Type           Power      Damage    Failure   Level
a - Corona                Hex            23%        N/A       1%          1
b - Ensorcelled Hibernat  Hex/Ice        22%        N/A       9%          2

Your spell library contained the following spells:

 Spells                   Type           Power      Damage    Failure   Level
 Confusing Touch          Hex            21%        N/A       4%          3
 Tukima's Dance           Hex            21%        N/A       4%          3
 Dazzling Flash           Conj/Hex       22%        N/A       17%         3
 Blink                    Tloc           N/A        N/A       28%         2
 Lesser Beckoning         Tloc           1%         N/A       50%         3
 Manifold Assault         Tloc           2%         N/A       99%         5


Dungeon Overview and Level Annotations

Branches:
Dungeon (4/15)
 Temple: D:4-7

Altars:
Ru

Annotations:
D:4 Dowan, Duvessa


Innate Abilities, Weirdness & Mutations

You are a vampire bat.
You are tiny and dextrous.
You move quickly.
You are flying.
You are immune to poison.
Your equipment is almost entirely melded.
You are incapable of wielding weapons or throwing items.
You cannot cast spells.
You do not regenerate when monsters are visible.
You are frail without blood (-20% HP).
You can heal yourself when you bite living creatures.
You have razor-sharp teeth.
You have supernaturally acute eyesight. (SInv)
You are afflicted with vampirism and can become a bat while bloodless.


Message History

You closely miss the orc. The orc closely misses you.
You hit the orc but do no damage.
Casting: Ensorcelled Hibernation (safe; 8% risk of failure)
Confirm with . or Enter, or press ? or * to list all spells.
Aiming: Ensorcelled Hibernation (safe; 8% risk of failure)
Press: ? - help, Shift-Dir - straight line, f/p - orc
Aim: an orc, wielding a +0 hand axe and wearing a +0 leather armour (chance to affect: 62%)
The orc looks drowsy...
The helpless orc fails to defend itself.
You bite the orc, and draw its blood!
You feel better.
You impale the orc!!
You kill the orc!
Things that are here:
a +0 hand axe; a +0 leather armour; an orc corpse Magic restored.
Things that are here:
a +0 hand axe; a +0 leather armour; an orc corpse
There is a large open door here.
There is an open door here.
An adder, Duvessa and Dowan come into view.
Dowan is wielding a +4 dagger of venom and carrying a wand of polymorph (8).
The adder hisses angrily.
The helpless Duvessa fails to defend herself.
You bite Duvessa, and draw her blood! You impale Duvessa!!
Duvessa is severely wounded.
You hit Duvessa.
Duvessa is severely wounded.
Duvessa hits you with a +0 short sword. Duvessa hits you with a +0 short sword!
Dowan shouts!
Unknown command.
You turn into a vampire bat.
Your +0 dagger of speed melds into your body.
Your +0 pair of gloves melds into your body.
Your +0 pair of boots melds into your body.
Your +0 robe melds into your body.
You feel weakened.
You feel dopey.
You feel clumsy.
Dowan hits you with a +4 dagger of venom!
* * * LOW HITPOINT WARNING * * *
Duvessa hits you with a +0 short sword.
You die...

.# .# #.#.####.
###+#####+#.#.#....
............#......
......e............
.......bS........#
.......e.......#.#
.................#
.................#
.................#
.....########....#
####.#≈≈≈≈§§#....#
#.#≈8..8≈#....#
#≈.##.≈#....#


You could see Duvessa, Dowan and an adder.

Vanquished Creatures
  A sky beast (D:3)
  3 gnolls
  4 adders
  3 worms (D:2)
  A dart slug (D:3)
  9 orcs
  15 bats
  8 endoplasms
  2 giant cockroaches (D:2)
  9 goblins
  5 hobgoblins
  6 ball pythons
  2 frilled lizards (D:2)
  6 kobolds
  7 rats
81 creatures vanquished.

Notes
Turn   | Place    | Note
-------+----------+-------------------------------------------
     0 | D:1      | pokedragonboy the Vampire Enchanter began the quest for the
                  | Orb.
     0 | D:1      | Reached XP level 1. HP: 13/13 MP: 3/3
   494 | D:1      | Reached XP level 2. HP: 15/15 MP: 5/5
   499 | D:1      | Learned a level 2 spell: Ensorcelled Hibernation
  1112 | D:2      | Found a faded altar of an unknown god.
  1220 | D:2      | Reached skill level 5 in Stealth
  1237 | D:2      | Reached skill level 5 in Hexes
  1237 | D:2      | Gained mutation: You are afflicted with vampirism and can
                  | become a bat while bloodless. [Vampire growth]
  1237 | D:2      | Reached XP level 3. HP: 17/19 MP: 6/6
  2116 | D:2      | Reached XP level 4. HP: 24/24 MP: 7/7
  2450 | D:3      | Reached skill level 6 in Stealth
  2667 | D:3      | Noticed a sky beast
  2674 | D:3      | Killed a sky beast
  2675 | D:3      | Reached XP level 5. HP: 28/28 MP: 5/9
  2879 | D:3      | Reached skill level 7 in Stealth
  3978 | D:3      | Found a sacrificial altar of Ru.
  4188 | D:4      | Noticed Duvessa
  4188 | D:4      | Noticed Dowan
  4197 | D:4      | Slain by Duvessa

Illustrated notes

Levels and vault maps discovered:
D:1:      psy_arrival_whirlpool, layout_basic, minmay_misc_feat_tiny,
          minmay_crystal_room, hangedman_decor_points
D:2:      minmay_thinvault, layout_loops_cross,
          hellmonk_ecumenical_altar_crossroads, minivault_26
D:3:      layout_loops_cross, nicolae_ru_path_of_blood,
          chequers_serial_rivers_marsh, serial_park_tiny_pond, wad_orctagon
D:4:      layout_basic, gammafunk_ghost_mausoleum, kennysheep_generic_room_15,
          uniq_blork_the_orc, uniq_sigmund, uniq_duvessa, uniq_purgy

Skill      XL: |  1  2  3  4  5 |
---------------+----------------+-----
Stealth        | 5 6 7 |  7.4
Hexes          | 5 |  5.9
Short Blades   | 2 |  2.9
Spellcasting   | 3 |  3.0
Dodging        | |  2.2

Action                   |  1- 3 |  4- 6 || total
-------------------------+-------+-------++-------
Melee: Dagger            |   135 |    90 ||   225
       Bite              |     9 |     7 ||    16
 Cast: Corona            |     4 |       ||     4
       Ensorcelled Hiber |     4 |    24 ||    28
 Abil: Exsanguinate      |     1 |       ||     1
       Bat Form          |       |     1 ||     1
 Stab: Sleeping          |    17 |    27 ||    44
Armor: Robe              |    43 |    12 ||    55
Dodge: Dodged            |    92 |    27 ||   119
